Cogmind - Beta 10.2 @@@ ROGUE MODE // 2022.02.05 @ 11:07:13 Player: Kaz Result: Destroyed by Y-45 Defender with Heavy Assault Rifle Performance ------------- Evolutions (1) 500 Regions Visited (2) 400 Robots Destroyed (26) 130 Value Destroyed (489) 489 Prototype IDs (0) 0 Alien Tech Used (0) 0 Bonus (0) 0 TOTAL SCORE: 1519 Bonus ------- None Cogmind --------- Core Integrity 0/400 Matter 159/450 Energy 240/240 System Corruption 0% Temperature Cool (9) Movement Core (750) Ox14 Location -9/Materials Parts ------- > --- POWER (1) -------- Nuclear Core > --- PROPULSION (2) --- (None) > --- UTILITY (4) ------ Large Storage Unit Large Storage Unit Large Matter Pod > --- WEAPON (2) ------- Mace > --- INVENTORY (16) --- Ion Engine Nuclear Core Nuclear Core Wheel Peak State ------------ > --- POWER ------------ Nuclear Core > --- PROPULSION ------- Wheel > --- UTILITY ---------- Large Storage Unit Large Storage Unit Large Matter Pod > --- WEAPON ----------- Medium Laser Mace > --- INVENTORY -------- Ion Engine Nuclear Core Nuclear Core Nuclear Core Datajack [Rating: 11] Favorites ----------- Power Nuclear Core Engine Ion Engine Power Core Nuclear Core Propulsion Wheel Wheel Wheel Utility Large Storage Unit Storage Large Storage Unit Protection Weapon Shielding Weapon Mace Energy Gun Medium Laser Ballistic Gun Assault Rifle Ballistic Cannon Light Cannon Launcher Grenade Launcher Special Weapon Welding Torch Impact Weapon Mace Special Melee Weapon Datajack Build | -11 -10 -9 ------- Run | Scr Mat Mat Slots Evolved 2 | . . 2 Power . | . . . Propulsion . | . . . Utility 2 | . . 2 Weapon . | . . . Parts Attached 28 | 6 8 14 Power 4 | 1 1 2 Engine 2 | 1 1 . Core 2 | . . 2 Reactor . | . . . Propulsion 6 | 2 1 3 Treads . | . . . Leg . | . . . Wheel 6 | 2 1 3 Hover . | . . . Flight . | . . . Utility 5 | 1 3 1 Device . | . . . Storage 4 | 1 2 1 Processor . | . . . Hackware . | . . . Protection 1 | . 1 . Artifact . | . . . Weapon 13 | 2 3 8 Energy Gun 4 | 1 . 3 Energy Cannon . | . . . Ballistic Gun 2 | 1 1 . Ballistic Cannon 1 | . 1 . Launcher 1 | . . 1 Special Weapon 1 | . . 1 Impact Weapon 3 | . 1 2 Slashing Weapon . | . . . Piercing Weapon . | . . . Special Melee Weapon 1 | . . 1 Unidentified Prototypes . | . . . Parts Lost 13 | . 5 8 Power 2 | . 1 1 Propulsion 5 | . 2 3 Utility 1 | . 1 . Weapon 5 | . 1 4 Highest Loss Streak 4 | . 3 4 Average Slot Usage (%) 66 | . 73 60 Engine 4 | . 8 . Core 4 | . . 8 Wheel 12 | . 18 6 Storage 24 | . 17 31 Protection 2 | . 6 . Energy Gun 3 | . 2 3 Ballistic Gun 3 | . 8 . Ballistic Cannon 4 | . 8 . Impact Weapon 5 | . 2 8 Naked Turns . | . . . Heaviest Build 46 | 13 39 46 Greatest Support 26 | 26 26 20 Greatest Overweight (x) 14 | 2 3 14 Average Overweight (x) 2 | . . 4 Largest Inventory Capacity 16 | 6 16 16 Average Capacity 11 | 4 8 16 Most Carried 8 | 3 6 8 Average Carried 4 | 1 4 5 Final Capacity 16 | 6 16 16 Final Carried 5 | 1 5 4 Class Distribution -------------------- 100% | Mutant Dominant Class ---------------- Mutant | -10/Materials Mutant | -9/Materials Resources | -11 -10 -9 ----------- Run | Scr Mat Mat Matter Collected 550 | 244 248 58 Remotely . | . . . Salvage Created 464 | . 260 204 Parts 35 | . 15 20 Haulers Intercepted . | . . . Recyclers Shooed 1 | . . 1 Parts Field Recycled . | . . . Retrieved Matter . | . . . Parts Self-Destructed . | . . . Prevented . | . . . Kills | -11 -10 -9 ------- Run | Scr Mat Mat Combat Hostiles Destroyed 18 | . 12 6 Melee 1 | . 1 . Guns 2 | . 2 . Cannons 9 | . 9 . AOE 6 | . . 6 Classes Destroyed 6 | . 4 2 Worker 1 | . 1 . Builder 3 | . . 3 Recycler 1 | . . 1 Watcher 3 | . 1 2 Swarmer 9 | . 6 3 Grunt 9 | . 6 3 Best Kill Streak 8 | . 5 8 Combat Bots Only 6 | . 4 6 Max Kills in Single Turn 5 | . 1 5 Gunslinging . | . . . Exploded 4 | . . 4 Melee 1 | . 1 . Uniques/NPCs Destroyed . | . . . Combat | -11 -10 -9 -------- Run | Scr Mat Mat Damage Taken 1911 | . 774 1137 Core 630 | . 222 408 Absorbed by Shields . | . . . Core Remaining (%) 55 | 100 11 . Volleys Fired 58 | . 39 19 Largest 2 | . 2 1 Hottest 55 | . 55 50 Shots Fired 96 | . 77 19 Gun 50 | . 38 12 Cannon 39 | . 39 . Launcher 4 | . . 4 Special 3 | . . 3 Kinetic 77 | . 77 . Thermal 15 | . . 15 Explosive 4 | . . 4 Electromagnetic . | . . . Robot Hit Streak 7 | . 7 7 Robot Miss Streak 4 | . 4 2 Penetration Max . | . . . Secondary Targets . | . . . Shots Hit Robots 70 | . 39 31 Core Hits 39 | . 20 19 Critical Hits . | . . . Critical Kills . | . . . Critical Parts Destroyed . | . . . Melee Attacks 27 | . 7 20 Impact 25 | . 7 18 Slashing . | . . . Piercing . | . . . Sneak Attacks . | . . . Combat Hostiles . | . . . Follow-up Attacks . | . . . Damage Inflicted 1752 | . 776 976 Guns 269 | . 156 113 Cannons 498 | . 498 . Explosions 610 | . . 610 Melee 371 | . 122 249 Ramming . | . . . Kinetic 654 | . 654 . Thermal 117 | . . 117 Explosive 610 | . . 610 Electromagnetic . | . . . Impact 371 | . 122 249 Slashing . | . . . Piercing . | . . . Highest Corruption . | . . . Average Corruption . | . . . Corruption Purged . | . . . Overload Shots . | . . . Overflow Damage 53 | . . 53 Projectiles . | . . . Explosions 39 | . . 39 Melee 14 | . . 14 Knockbacks 9 | . 9 . Impact 1 | . 1 . Kinetic 8 | . 8 . Secondary . | . . . Self-Inflicted Damage 63 | . . 63 Shots 3 | . . 3 Rammed . | . . . Targets Rammed . | . . . Kicked . | . . . Crushed . | . . . Highest Temperature 76 | . 32 76 Average Temperature 15 | . 12 23 Received Heat Transfer 615 | . 303 312 Siege Activations . | . . . Robots Corrupted . | . . . Combat Hostiles . | . . . Parts Fried . | . . . Impact Corruptions 1 | . . 1 Robots Melted . | . . . Combat Hostiles . | . . . Parts Melted . | . . . Heat Transferred 383 | . . 383 Parts Sabotaged . | . . . Parts Stolen . | . . . Parts Stripped . | . . . Power Chain Reactions . | . . . Missiles Intercepted . | . . . Alert | -11 -10 -9 ------- Run | Scr Mat Mat Peak Influence 314 | . 302 314 Initial 127 | . . 127 Average 164 | . 150 200 Maximum Alert Level 1 | . 1 1 Low Security (%) 59 | 100 51 61 Level 1 40 | . 48 38 Level 2 . | . . . Level 3 . | . . . Level 4 . | . . . Level 5 . | . . . High Security . | . . . Max Security . | . . . Squads Dispatched 2 | . 2 . Investigation . | . . . Extermination . | . . . Reinforcement 2 | . 2 . Assault . | . . . Garrison . | . . . Intercept . | . . . Construction Impeded . | . . . Haulers Reinforced . | . . . Stealth | -11 -10 -9 --------- Run | Scr Mat Mat Distress Signals 2 | . 2 . Communications Jammed . | . . . Distress Signals . | . . . Times Spotted 28 | . 17 11 Peak Tracking Total 7 | . 5 7 Tactical Retreats . | . . . Traps | -11 -10 -9 ------- Run | Scr Mat Mat Traps Triggered 3 | . . 3 Indirectly . | . . . Trap Hack Attempts . | . . . Triggered . | . . . Disarmed . | . . . Reprogrammed . | . . . Reused . | . . . Traps Extracted . | . . . Installed . | . . . Triggered . | . . . Machines | -11 -10 -9 ---------- Run | Scr Mat Mat Machines Disabled 1 | . . 1 Max in Single Turn 1 | . . 1 Machines Sabotaged . | . . . Garrisons Compromised . | . . . Overloaded Fab Kills . | . . . Fab Network Shutdowns . | . . . Hacking | -11 -10 -9 --------- Run | Scr Mat Mat Machines Accessed 2 | . 1 1 Terminals 1 | . 1 . Fabricators . | . . . Repair Stations 1 | . . 1 Recycling Units . | . . . Scanalyzers . | . . . Garrison Access . | . . . Total Hacks 4 | . 2 2 Successful 4 | . 2 2 Failed . | . . . Catastrophic . | . . . Database Lockouts . | . . . Manual . | . . . Terminals 2 | . 2 . Fabricators . | . . . Repair Stations 2 | . . 2 Recycling Units . | . . . Scanalyzers . | . . . Garrison Access . | . . . Terminal Hacks 2 | . 2 . Record 1 | . 1 . Hauler Manifests 1 | . 1 . Fabricator Hacks . | . . . Repair Station Hacks 2 | . . 2 Scan Component 1 | . . 1 Repair 1 | . . 1 Recycling Unit Hacks . | . . . Scanalyzer . | . . . Garrison Access Hacks . | . . . Unauthorized Hacks . | . . . Terminals . | . . . Fabricators . | . . . Repair Stations . | . . . Recycling Units . | . . . Scanalyzers . | . . . Garrison Access . | . . . Data Cores Recovered . | . . . Used . | . . . Hacking Detections 1 | . . 1 Full Trace Events . | . . . Feedback Events . | . . . Feedback Blocked . | . . . Robot Schematics Acquired . | . . . Robots Built . | . . . Matter . | . . . Time . | . . . Total Robot Build Rating . | . . . Part Schematics Acquired . | . . . Parts Built . | . . . Matter . | . . . Time . | . . . Total Part Build Rating . | . . . Parts Repaired 1 | . . 1 Time 32 | . . 32 Parts Recycled . | . . . Recycled Matter . | . . . Retrieved Matter . | . . . Retrieved Components . | . . . Parts Scanalyzed . | . . . Part Schematics Acquired . | . . . Parts Damaged . | . . . Bothacking | -11 -10 -9 ------------ Run | Scr Mat Mat Used RIF Installer . | . . . Robots Hacked 1 | . . 1 Non-combat . | . . . Combat 1 | . . 1 Robot Hacks Applied 1 | . . 1 parse_system 1 | . . 1 Relay Couplers Released . | . . . Robots Rewired . | . . . Allies Hacked . | . . . Hacks Repelled . | . . . Allies | -11 -10 -9 -------- Run | Scr Mat Mat Total Allies . | . . . Largest Group . | . . . Highest-Rated Group . | . . . Highest-Rated Ally . | . . . Total Orders . | . . . Ally Attacks . | . . . Total Damage . | . . . Kills . | . . . Allies Corrupted . | . . . Allies Melted . | . . . Intel | -11 -10 -9 ------- Run | Scr Mat Mat Robot Analysis Total . | . . . Derelict Logs Recovered . | . . . Drone Launches . | . . . Drone Recoveries . | . . . Exploration | -11 -10 -9 ------------- Run | Scr Mat Mat Turns Passed 749 | 46 350 353 Spaces Moved 349 | 36 205 108 Core 28 | 5 10 13 Treads . | . . . Legs . | . . . Wheels 321 | 31 195 95 Hover . | . . . Flight . | . . . Fastest Speed 50 | 50 80 100 Average Speed 124 | 92 95 188 Slowest Speed 750 | 150 150 750 Overloaded Moves . | . . . Propulsion Burnouts . | . . . Robots Hopped . | . . . Cave-ins Triggered . | . . . Exploration Rate (%) 23 | 3 51 17 Regions Visited 2 Branch Regions . Pre-discovered Areas . | . . . Known Exits Taken . | . . . Unknown Exits Taken 2 | 1 1 . Scrap Searched . | . . . Spaces Dug . | . . . Terrain Destroyed 19 | . . 19 Melee . | . . . Projectile . | . . . AOE 19 | . . 19 Terrain Rammed . | . . . Walls Destroyed . | . . . Machines Disabled . | . . . Actions | -11 -10 -9 --------- Run | Scr Mat Mat Total 531 | 48 274 209 Wait 32 | . . 32 Move 347 | 35 204 108 Hop . | . . . Pick Up 33 | 7 12 14 Fast Attach . | . . . Attach 24 | 6 5 13 Detach . | . . . Swap 4 | . 3 1 Drop 6 | . 4 2 Fire 58 | . 39 19 Melee 27 | . 7 20 Ram . | . . . Kick . | . . . Crush . | . . . Escape Stasis . | . . . Rewire . | . . . Trap . | . . . Miscellaneous . | . . . Route ------- -11/Scrapyard -10/Materials (discovered 3 exits: *Mat x2 / [*Min]) -9/Materials History --------- Turn | Location | Event 8 | -11/Scrapyard | Discovered new exit (range 16) 47 | -11/Scrapyard | Entered Materials 106 | -10/Materials | Discovered new exit (range 15) 214 | -10/Materials | Core integrity fell below 50% 276 | -10/Materials | Lost 3 parts (1n1u1w) 278 | -10/Materials | Discovered new exit (range 12) 305 | -10/Materials | Build established: Mutant 374 | -10/Materials | Core integrity fell below 20% 383 | -10/Materials | Discovered new exit (range 4) 397 | -10/Materials | Entered another Materials area 397 | -9/Materials | Evolved 2 slots: Utility x2 540 | -9/Materials | Repaired Mace 631 | -9/Materials | Lost 3 parts (1p1n1w) 696 | -9/Materials | Core integrity fell below 50% 733 | -9/Materials | Core integrity fell below 20% 750 | -9/Materials | Destroyed by Y-45 Defender with Heavy Assault Rifle Last Messages --------------- 00683_ Acquired Wheel. 00684_ U-05 Engineer lays Concrete. 00693_ U-05 Engineer builds a Wall. 00693_ U-05 Engineer lays Concrete. 00695_ U-05 Engineer builds a Wall. 00696_ The unstable cave ceiling collapses. 00696_ U-05 Engineer builds a Wall. 00698_ Welding Torch destroyed. 00699_ U-05 Engineer lays Concrete. 00701_ Wheel destroyed. 00701_ U-05 Engineer lays Concrete. 00707_ Wheel destroyed. 00714_ K-01 Serf collects debris. 00719_ Jacked Y-45 Defender... >>parse_system Reading system data... 00725_ Datajack destroyed. 00730_ R-06 Scavenger collects Terrain Scan Processor. 00743_ Destroyed Imp. Ion Engine. 00743_ Y-45 Defender system corrupted by crushing effect. Map ----- +----------------------------------------------------+ | ?????????????????????????????????????????????????? | | ?????????????????????????????????????????????????? | | ????????????????????????????? ?????????????????? | | ????????????????????????????? ???????????????? | | ????????????????????????????? ??????????????? | | ????????????????????????????# ?????????????? | | ????????????????????????????+ !! ????????????? | | ????????????????????????????# !! ?????????????? | | ????????????????????????????# !! ?????????????? | | ?????????????????????????"??# ##??????????? | | ????????????????????????? ??# #####"?????? | | ????????????????????????#/### ?????? | | ????????????????????????# ### """ ??????? | | ????????????????????????# ###= """ ????????? | | ???????????????????????## ### [ "" #??????????? | | ???????????????????????# =%% #??????????? | | ??###################### #??????????? | | ??# + = ???? | | ??# """ # ########+########% ???? | | ??# "R # #??# % ## ???? | | ??# """ #^ #??# !##### ####????? | | ??# # #??#[[! "" ##???? #???????? | | ??# # #??#[!! """ ##?????? +???????? | | ######+### #######??#[! S" ##??????? #???????? | | # #????????# """ #??????????#???????? | | # #????????# @""" #??????????????????? | | # #????????# Y #??????????????????? | | # #????????####### ###??????????????????? | | # +???????????????##????????????????????? | | # ##### #?????????????????????????????????????? | | #+##### #?????????????????????????????????????? | | * + +?????????????????????????????????????? | | # ##?????????????????????????????????????? | | # #?######???????????????????????????????? | | # #? #???????????????????????????????? | | + # #???????????????????????????????? | | # # """ #???????????????????????????????? | | # + """ #???????????????????????????????? | | # # """ #???????????????????????????????? | | # # #???????????????????????????????? | | ####### ########???????????????????????????????? | | ??????# # #???????????????????????????????? | | ??##### # """ #???????????????????????????????? | | ??#!! # """ #???????????????????????????????? | | ??#!! + """ #???????????????????????????????? | | ??# # #???????????????????????????????? | | ??#** # """ #???????????????????????????????? | | ??#!! # """ #???????????????????????????????? | | ??#!! ##### """ #???????????????????????????????? | | ??#####???# #???????????????????????????????? | +----------------------------------------------------+ Best States ------------- Heat Dissipation 28 Energy Generation 14 Energy Capacity 250 Matter Stores 284 Matter Capacity 450 Sight Range 16 Terrain Scan Density 10 Weapon Shielding 33 Evasion (%) 44 Item Schematics ----------------- None Robot Schematics ------------------ None Fabricated ------------ Nothing Alien Tech Used ----------------- None Achievements -------------- None Challenges ------------ None Game ------ Seed TargetExplosiveBoregun Manual? 0 Play Time 00:16:46 Cumulative 24.7 hours Start 2022.02.05 @ 10:54:40 End 2022.02.05 @ 11:07:13 Sessions 1 Manual Loads 0 Difficulty Rogue Special Mode None Game No. 31 Rogue 28 Adventurer 3 Explorer 0 Win Type - Total 0 Types 0/0/0/0/0/0/0/0/0 Lore% 6 Gallery% 18 Achievement% 11 Wizard Run 0 Options --------- ASCII 0 Keyboard 0 Movement Mouse Keybinds 0 Fullscreen 1 Font 24/Proggy Map View 113x50 Tactical HUD 1 Map Filters NONE Filters NONE Steam 1 RUN: 38ac30a2-ce93-4702-bc94-4f299b98f4e0